 Dungeon Crawl Stone Soup version 0.28-a0-938-gbc3f381ebc (webtiles) character file.

Game seed: 8820170425010793838

6814 Froggeryz the Basher (level 11, -9/64 HPs)
             Began as a Gargoyle Summoner on Nov 28, 2021.
             Was an Elder of Okawaru.
             Mangled by a two-headed ogre (19 damage)
             ... on level 9 of the Dungeon.
             The game lasted 00:18:06 (13706 turns).

Froggeryz the Basher (Gargoyle Summoner)           Turns: 13706, Time: 00:18:06

Health: -9/64      AC: 15    Str: 15    XL:     11   Next: 5%
Magic:  14/14      EV: 11    Int: 16    God:    Okawaru [****..]
Gold:   488        SH:  5    Dex: 10    Spells: 13/14 levels left

rFire   + . .      SeeInvis .   b - +0 mace (drain)
rCold   . . .      Faith    .   a - +0 buckler
rNeg    + . .      Spirit   .   l - +0 steam dragon scales
rPois   ∞          Reflect  .   x - +0 helmet
rElec   +          Harm     .   k - +0 cloak
rCorr   .          Rampage  .   (no gloves)
Will    +....                   (no boots)
Stlth   ++........              (no amulet)
HPRegen 0.20/turn               m - ring of willpower
MPRegen 0.14/turn               u - ring of protection from fire

@: no status effects
A: sickness immunity, AC +8, negative energy resistance 1, electricity
resistance, torment resistance 1, petrification resistance
a: Renounce Religion, Heroism, Finesse


You were on level 9 of the Dungeon.
You worshipped Okawaru.
Okawaru was greatly pleased with you.
You visited 2 branches of the dungeon, and saw 10 of its levels.

You collected 488 gold pieces.

Inventory:

Hand Weapons
 b - a +0 mace of draining (weapon)
 c - a +1 hunting sling of flaming
Missiles
 d - 33 poisoned darts (quivered)
 g - 141 stones
 j - 9 javelins
 o - 4 boomerangs
 r - 111 sling bullets
Armour
 a - a +0 buckler (worn)
 k - a +0 cloak (worn)
 l - +0 steam dragon scales (worn)
 x - a +0 helmet (worn)
Jewellery
 m - a ring of willpower (left hand)
 u - a ring of protection from fire (right hand)
 v - a ring of ice
Scrolls
 h - a scroll of magic mapping {unknown}
 n - 2 scrolls of vulnerability
 q - 2 scrolls of silence
 t - 2 scrolls of blinking
 w - 2 scrolls of identify
Potions
 e - a potion of attraction {unknown}
 i - 6 potions of brilliance
 p - a potion of cancellation
Miscellaneous
 f - a lightning rod (2/4)


   Skills:
 + Level 6.1 Fighting
 * Level 13.5 Maces & Flails
 - Level 2.0 Slings
 - Level 3.0 Armour
 - Level 1.5 Dodging
 - Level 2.1 Stealth
 - Level 6.6 Shields
 - Level 2.0 Spellcasting
 - Level 3.6 Summonings


You had 13 spell levels left.
You knew the following spells:

 Your Spells              Type           Power      Damage    Failure   Level
a - Summon Small Mammal   Summ           52%        N/A       4%          1

Your spell library contained the following spells:

 Spells                   Type           Power      Damage    Failure   Level
 Apportation              Tloc           2%         N/A       21%         1
 Beastly Appendage        Tmut           2%         N/A       21%         1
 Blink                    Tloc           2%         N/A       30%         2
 Wereblood                Tmut           1%         N/A       30%         2
 Lesser Beckoning         Tloc           1%         N/A       52%         3
 Spider Form              Tmut/Pois      1%         N/A       52%         3
 Manifold Assault         Tloc           1%         N/A       99%         5
 Call Imp                 Summ           Unusable   N/A       N/A         2
 Call Canine Familiar     Summ           Unusable   N/A       N/A         3
 Animate Skeleton         Necr           Unusable   N/A       N/A         1
 Summon Guardian Golem    Hex/Summ       Unusable   N/A       N/A         3
 Summon Lightning Spire   Summ/Air       Unusable   N/A       N/A         4

Dungeon Overview and Level Annotations

Branches:
Dungeon (9/15)             Temple (1/1) D:7
   Lair: D:8-11         Orc: D:9-12

Altars:
Ashenzari
Cheibriados
Dithmenos
Elyvilon
Fedhas
Gozag
Hepliaklqana
Kikubaaqudgha
Makhleb
Nemelex Xobeh
Okawaru
Qazlal
Ru
Trog
Uskayaw
Vehumet
Wu Jian
Xom
Yredelemnul
Zin
The Shining One

Shops:
D:4 (

Annotations:
D:7 2 transporters, anet's ghost, novice DECj


Innate Abilities, Weirdness & Mutations

You are immune to sickness and miasma.
Your stone body is resilient. (AC +8)
You are immune to poison.
You resist negative energy. (rN+)
You are resistant to electric shocks. (rElec)
You are resistant to unholy torment.
You are immune to petrification.


Message History

You destroy the centaur zombie!
Okawaru accepts your kill.
You sock the two-headed ogre!
The two-headed ogre is moderately wounded.
The two-headed ogre misses you.
The two-headed ogre hits you with a +0 giant club!!
You barely miss the two-headed ogre.
The two-headed ogre is moderately wounded.
The two-headed ogre barely misses you.
The two-headed ogre hits you with a +0 giant club!
You hit the two-headed ogre.
The two-headed ogre is moderately wounded.
You sock the two-headed ogre!
The two-headed ogre is heavily wounded.
The two-headed ogre hits you with a +0 giant spiked club!
The two-headed ogre closely misses you.
You closely miss the two-headed ogre.
The two-headed ogre is heavily wounded.
You hit the two-headed ogre but do no damage.
You drain the two-headed ogre.
The two-headed ogre is heavily wounded.
The two-headed ogre barely misses you. x2
You barely miss the two-headed ogre.
The two-headed ogre is heavily wounded.
You closely miss the two-headed ogre.
The two-headed ogre is heavily wounded.
The two-headed ogre closely misses you.
The two-headed ogre hits you with a +0 giant club!
* * * LOW HITPOINT WARNING * * *
You hit the two-headed ogre but do no damage.
The two-headed ogre is heavily wounded.
You hit the two-headed ogre but do no damage.
The two-headed ogre is heavily wounded.
The two-headed ogre closely misses you. You block the two-headed ogre's attack.
You barely miss the two-headed ogre.
The two-headed ogre is heavily wounded.
You barely miss the two-headed ogre.
The two-headed ogre is heavily wounded.
The two-headed ogre hits you with a +0 giant spiked club!!
You die...

#####....# ..# #........#
##.## #.###.#..# #[..#
#.##.....# #...#
.........# #.÷.#
........<# #####...###.
...#..#..####...........#
......#..................
...#.....####)..@.......#
...###...# ###.O.....#...
.........# #.#...#.####
#.......## #.#...#.#
#...)..## #.#...# #
.....### #.##.##.# #.##.#
###.......# #.##.#
#......#### #.# ..##.#
#.###..# #.#


You could see a two-headed ogre (drained).

Vanquished Creatures
  2 centaur warriors (D:9)
  Erica (D:8)
  A two-headed ogre (D:8)
  2 wyverns
  5 yaks
  2 steam dragons
  3 water moccasins
  A hornet zombie (D:9)
  A black bear (D:7)
  2 sky beasts (D:8)
  An ogre (D:5)
  A necrophage (D:5)
  A centaur (D:9)
  2 phantoms (D:6)
  A kobold brigand (D:8)
  4 bullfrogs
  A gnoll sergeant (D:7)
  4 scorpions
  A wyvern zombie (D:7)
  A water moccasin zombie (D:5)
  9 killer bees
  3 centaur zombies
  A gnoll shaman (D:7)
  A centaur skeleton (D:6)
  3 hounds
  A jelly (D:7)
  A bullfrog skeleton (D:4)
  4 iguanas
  10 orc wizards
  A hound skeleton (D:5)
  5 gnolls
  A howler monkey zombie (D:6)
  11 adders
  A shadow imp (D:7)
  3 white imps
  2 ufetubi
  An adder zombie (D:5)
  An adder skeleton (D:4)
  A worm (D:2)
  4 dart slugs
  21 orcs
  3 bats
  7 endoplasms
  3 giant cockroaches
  7 goblins
  5 hobgoblins
  6 jackals
  6 quokkas
  8 ball pythons
  5 frilled lizards
  8 kobolds
  9 rats
189 creatures vanquished.

Vanquished Creatures (collateral kills)
  A dart slug (D:1)
  3 endoplasms (D:1)
  2 giant cockroaches (D:1)
  2 goblins (D:1)
  A quokka (D:1)
  2 ball pythons (D:1)
  A frilled lizard (D:1)
  2 rats (D:1)
14 creatures vanquished.

Vanquished Creatures (others)
  A bush (D:7)
  A fungus (D:8)
  4 plants (D:8)
6 creatures vanquished.

Grand Total: 209 creatures vanquished

Notes
Turn   | Place    | Note
-------+----------+-------------------------------------------
     0 | D:1      | Froggeryz the Gargoyle Summoner began the quest for the
                  | Orb.
     0 | D:1      | Reached XP level 1. HP: 10/10 MP: 3/3
   119 | D:1      | Reached skill level 1 in Fighting
   329 | D:1      | Found a faded altar of an unknown god.
   341 | D:1      | Reached XP level 2. HP: 16/17 MP: 3/5
  1161 | D:1      | Reached XP level 3. HP: 21/22 MP: 3/6
  1594 | D:2      | Reached skill level 1 in Maces & Flails
  1735 | D:2      | Reached XP level 4. HP: 28/28 MP: 7/7
  1808 | D:2      | Reached skill level 1 in Slings
  2157 | D:2      | Reached skill level 2 in Maces & Flails
  2748 | D:3      | Reached XP level 5. HP: 32/32 MP: 8/8
  2813 | D:3      | Found a glowing golden altar of the Shining One.
  2814 | D:3      | Found a blossoming altar of Fedhas.
  2927 | D:3      | Found a hide-covered altar of Uskayaw.
  3048 | D:3      | Reached skill level 3 in Maces & Flails
  3361 | D:3      | Found a shimmering altar of Xom.
  4164 | D:4      | Found Kisimm's Antique Weapon Shop.
  4334 | D:4      | Reached XP level 6. HP: 37/37 MP: 9/9
  4519 | D:5      | Entered Level 5 of the Dungeon
  4576 | D:4      | Reached skill level 4 in Maces & Flails
  4576 | D:4      | Reached skill level 1 in Armour
  4842 | D:5      | Noticed a necrophage
  4861 | D:5      | Killed a necrophage
  5431 | D:5      | Reached skill level 5 in Maces & Flails
  5431 | D:5      | Reached XP level 7. HP: 39/41 MP: 10/10
  5801 | D:5      | Reached skill level 6 in Maces & Flails
  5862 | D:5      | Found a hazy altar of Hepliaklqana.
  6315 | D:6      | Reached skill level 7 in Maces & Flails
  6315 | D:6      | Reached XP level 8. HP: 44/46 MP: 11/11
  6354 | D:6      | Found a basalt altar of Yredelemnul.
  6651 | D:6      | Reached skill level 8 in Maces & Flails
  7520 | D:7      | Noticed a wraith
  7520 | D:7      | Noticed anet's ghost (novice DECj)
  7520 | D:7      | Noticed a hornet
  8032 | D:7      | Reached skill level 9 in Maces & Flails
  8341 | D:7      | Found a transporter.
  8892 | D:7      | Found a transporter.
  8918 | D:7      | Found a staircase to the Ecumenical Temple.
  8955 | Temple   | Entered the Ecumenical Temple
  9053 | Temple   | Became a worshipper of Warmaster Okawaru
  9355 | D:7      | Noticed a white ugly thing
  9423 | D:7      | Reached XP level 9. HP: 47/50 MP: 12/12
  9537 | D:8      | Reached skill level 10 in Maces & Flails
  9822 | D:8      | Found a sacrificial altar of Ru.
  9861 | D:8      | Noticed Erica
 10435 | D:8      | Noticed a two-headed ogre
 10896 | D:7      | Reached skill level 11 in Maces & Flails
 11190 | D:7      | Reached skill level 1 in Shields
 11308 | D:7      | Reached * piety under Okawaru
 11720 | D:7      | Reached skill level 5 in Shields
 11833 | D:8      | Killed a two-headed ogre
 11833 | D:8      | Reached ** piety under Okawaru
 11834 | D:8      | Reached XP level 10. HP: 13/56 MP: 13/13
 12293 | D:9      | Noticed a centaur warrior
 12317 | D:9      | Killed a centaur warrior
 12318 | D:9      | Reached skill level 12 in Maces & Flails
 12472 | D:9      | Found a radiant altar of Vehumet.
 12503 | D:9      | Noticed a two-headed ogre
 12574 | D:8      | Killed Erica
 12574 | D:8      | Reached *** piety under Okawaru
 12876 | D:8      | Reached skill level 5 in Fighting
 13369 | D:9      | Noticed a centaur warrior
 13378 | D:9      | Killed a centaur warrior
 13378 | D:9      | Reached **** piety under Okawaru
 13379 | D:9      | Reached skill level 13 in Maces & Flails
 13410 | D:9      | Reached XP level 11. HP: 49/64 MP: 14/14
 13706 | D:9      | Mangled by a two-headed ogre

Illustrated notes

Levels and vault maps discovered:
D:1:      dpeg_arrival_pits, layout_loops_cross, shapermc_ecumenical_altar_venn,
          kennysheep_crisscross, minmay_box_of_dots
D:2:      layout_basic, st_stairs_9, minmay_goblin_kobold_house
D:3:      layout_loops_ring, tgw_xom, eat_drink_and_be_merry_uskayaw,
          chequers_temple_overflow_statue_of_worship
D:4:      layout_loops_ring, serial_shops, kennysheep_mini_moat,
          grunt_ministairs_13, serial_bayou_crossing
D:5:      layout_cave_pods, mainiacjoe_overflow_alcove_2
D:6:      minmay_flawed_box, layout_loops_ring,
          mainiacjoe_overflow_small_starburst
D:7:      cheibrodos_barr_body, layout_loops_cross,
          minmay_temple_entry_enclosed_plants, gammafunk_ghost_arena,
          enter_ossuary_5, grunt_decor_cap, hangedman_decor_clover_reticule,
          minmay_quadrilaterals
D:8:      layout_basic, nicolae_ru_the_path_less_chosen, uniq_erica
D:9:      layout_loops_cross, nicolae_overflow_crystal_walls
Temple:   dshaligram_water_room_temple

Skill      XL: |  1  2  3  4  5  6  7  8  9 10 11 |
---------------+----------------------------------+-----
Fighting       | 1 2 3 5 6 |  6.1
Maces & Flails | 1 2 3 5 7 9 11 13 | 13.5
Slings         | 1 2 |  2.0
Armour         | 2 3 |  3.0
Shields        | 6 |  6.6
Dodging        | |  1.5
Stealth        | |  2.1
Spellcasting   | |  2.0
Summonings     | |  3.6

Action                   |  1- 3 |  4- 6 |  7- 9 | 10-12 || total
-------------------------+-------+-------+-------+-------++-------
Melee: Unarmed           |    56 |       |       |       ||    56
       Hunting sling     |     7 |       |       |       ||     7
       Mace              |       |       |   450 |   183 ||   633
 Fire: Hunting sling     |    42 |   316 |    90 |       ||   448
Throw: Dart              |       |       |     2 |       ||     2
 Cast: Summon Small Mamm |    32 |       |     3 |       ||    35
Evoke: Lightning rod     |       |       |     4 |       ||     4
  Use: Scroll            |       |     6 |     6 |       ||    12
       Potion            |       |       |     5 |       ||     5
 Stab: Sleeping          |     2 |       |       |     1 ||     3
Armor: Robe              |    46 |    28 |       |       ||    74
       Leather armour    |       |    38 |       |       ||    38
       Ring mail         |       |    10 |   330 |    84 ||   424
       Steam dragon scal |       |       |       |    15 ||    15
Dodge: Dodged            |    66 |    85 |   312 |    76 ||   539
Block: Buckler           |       |       |       |    41 ||    41

Table legend: (Time is in decaauts)
 A = Elapsed time spent in this place.
 B = Non-inter-level travel time spent in this place.
 C = Inter-level travel time spent in this place.
 D = Time resting spent in this place.
 E = Time spent auto-exploring this place.
 F = Levels seen in this place.
 G = Mean time per level.
                   A        B        C        D        E       F      G
               +--------+--------+--------+--------+--------+-----+--------+
         Total |  13685 |  13153 |    532 |   4256 |   6252 |  10 | 1368.5 |
       Dungeon |  13577 |  13081 |    496 |   4256 |   6192 |   9 | 1508.6 |
        Temple |    107 |     71 |     36 |      0 |     60 |   1 |  107.0 |
               +--------+--------+--------+--------+--------+-----+--------+

Top non-repeatable levels by time:
     D:8: 2536 daAuts
     D:7: 2337 daAuts
     D:6: 1802 daAuts
     D:1: 1521 daAuts
     D:2: 1231 daAuts
     D:4: 1230 daAuts
     D:5: 1194 daAuts
     D:3: 916 daAuts
     D:9: 807 daAuts
  Temple: 107 daAuts
